 Dungeon Crawl Stone Soup version 0.19.1 (webtiles) character file.

13458 Menchi the Carver (level 12, -4/89 HPs)
             Began as a Formicid Skald on Dec 19, 2016.
             Was an Elder of Nemelex Xobeh.
             Slain by an anaconda skeleton (11 damage)
             ... in a volcano.
             The game lasted 00:59:12 (13977 turns).

Menchi the Carver (Formicid Skald)                 Turns: 13977, Time: 00:59:12

Health: -4/89      AC:  7    Str: 17    XL:     12   Next: 33%
Magic:  18/18      EV: 11    Int: 13    God:    Nemelex Xobeh [****..]
Gold:   747        SH:  6    Dex: 14    Spells: 2 memorised, 15 levels left

rFire  + + +     SeeInvis +     M - +4 great sword (freeze)
rCold  x . .     Gourm    .     b - +0 leather armour
rNeg   + + .     Faith    .     o - +0 buckler
rPois  .         Spirit   .     (helmet unavailable)
rElec  +         Reflect  .     y - +1 cloak
rCorr  .         Harm     .     q - +0 pair of gloves
MR     +....                    (no boots)
Stlth  +.........               j - amulet "Laitwo" {Inacc *Slow rElec rF+ rN++}
                                D - ring of protection from fire
                                B - ring of fire

@: constricted
A: permanent stasis, dig shafts and tunnels, four strong arms, antennae 3, claws
1, hooves 1, fire resistance 1, wild magic 1, evolution 1
a: Dig, Shaft Self, Triple Draw, Deal Four, Renounce Religion


You were in a volcano.
You worshipped Nemelex Xobeh.
Nemelex Xobeh was greatly pleased with you.
You were not hungry.

You visited 2 branches of the dungeon, and saw 12 of its levels.
You also visited: Volcano.

You collected 747 gold pieces.

Inventory:

Hand Weapons
 a - a +1 falchion
 L - the +7 dagger of the Reaper {freeze, rC+}
   (You found it on level 7 of the Dungeon)

   It has been specially enchanted to freeze those struck by it, causing extra
   injury to most foes and up to half again as much damage against particularly
   susceptible opponents.
   It can also slow down cold-blooded creatures.
   It protects you from cold.
 M - a +4 great sword of freezing (weapon)
Armour
 b - a +0 leather armour (worn)
 o - a +0 buckler (worn)
 q - a +0 pair of gloves (worn)
 y - a +1 cloak (worn)
Jewellery
 j - the amulet "Laitwo" (around neck) {Inacc *Slow rElec rF+ rN++}
   (You found it on level 8 of the Dungeon)

   [amulet of inaccuracy]

   It reduces the accuracy of all your attacks.
   It protects you from fire.
   It insulates you from electricity.
   It greatly protects you from negative energy.
   It may slow you when you take damage.
 k - an uncursed ring of magical power
 m - an uncursed ring of poison resistance
 n - an uncursed ring of positive energy
 r - an uncursed ring of magical power
 B - a ring of fire (left hand)
 D - a ring of protection from fire (right hand)
 F - an uncursed ring of fire
 I - an uncursed ring of stealth
Wands
 u - a wand of lightning (0/15)
 R - a wand of lightning (0/15)
 W - a wand of polymorph (9/24)
Scrolls
 e - a scroll of identify
 x - 3 scrolls of amnesia
 A - 3 scrolls of magic mapping
 C - 2 scrolls of fog
 E - 3 scrolls of enchant armour
 S - a scroll of recharging
 T - a scroll of fear {unknown}
 U - a scroll of noise {unknown}
 X - a scroll of remove curse
Potions
 h - 2 potions of mutation
 i - 2 potions of berserk rage
 l - 2 potions of flight
 w - 2 potions of cure mutation
 z - 3 potions of curing
 H - 2 potions of invisibility
 J - 2 potions of beneficial mutation
 K - a potion of ambrosia
 O - a potion of brilliance
 P - 2 potions of might
Books
 c - a book of Battle

   Spells                             Type                      Level
   a - Infusion                       Charms                       1
   b - Shroud of Golubria             Charms/Translocation         2
   c - Song of Slaying                Charms                       2
   d - Spectral Weapon                Hexes/Charms                 3
   e - Regeneration                   Charms/Necromancy            3
Miscellaneous
 t - a plain deck of summoning {drawn: 3}
 G - a plain deck of summoning {drawn: 3}
 N - a plain deck of escape
 V - an ornate deck of destruction
Comestibles
 d - 9 bread rations
 f - 5 meat rations
 g - 11 fruits
 p - 5 beef jerkies
 s - 9 royal jellies
 v - 4 slices of pizza


   Skills:
 + Level 6.9 Fighting
 + Level 4.8(9.2) Short Blades
 * Level 12.0(12.3) Long Blades
 * Level 8.4 Armour
 + Level 4.8 Dodging
 * Level 8.3 Shields
 + Level 4.1 Spellcasting
 + Level 0.5 Hexes
 - Level 3.0 Charms
 + Level 3.3 Invocations
 + Level 1.5 Evocations


You had 15 spell levels left.
You knew the following spells:

 Your Spells              Type           Power        Failure   Level  Hunger
a - Infusion              Chrm           ##..         14%         1    None
b - Spectral Weapon       Hex/Chrm       #.......     47%         3    ###....


Dungeon Overview and Level Annotations

Branches:
Dungeon (9/15)             Temple (0/1) D:7            Lair (3/6) D:9
  Swamp: Lair:2-4    Shoals: Lair:2-4     Snake: Lair:2-4    Spider: Lair:2-4
    Orc: D:9-12

Altars:
Elyvilon
Gozag
Hepliaklqana
Nemelex Xobeh
Qazlal
Sif Muna
Yredelemnul
Zin

Shops:
D:7 (


Innate Abilities, Weirdness & Mutations

You are under a permanent stasis effect.
You can dig through walls and to a lower floor.
Your four strong arms can wield two-handed weapons with a shield.
You have a pair of large antennae on your head. (SInv)
You have sharp fingernails.
You have large cloven feet.
Your flesh is heat resistant. (rF+)
Your spells are a little harder to cast, but a little more powerful.
You evolve.


Message History

The anaconda skeleton is moderately damaged.
You block the anaconda skeleton's attack.
The anaconda skeleton constricts you. The anaconda skeleton bites you.
Your stasis keeps you stable.
* * * LOW HITPOINT WARNING * * *
The anaconda skeleton constricts you.
You escape the anaconda skeleton's grasp.
The anaconda skeleton grabs you. The anaconda skeleton bites you!
* * * LOW HITPOINT WARNING * * *
x2 The anaconda skeleton constricts you.
Evoke which item? (* to show all) (? for menu, Esc to quit)
You draw a card...
It is the Pentagram.
The anaconda skeleton bites you.
* * * LOW HITPOINT WARNING * * *
x2 The anaconda skeleton constricts you.
The anaconda skeleton's grasp on you weakens, but your attempt to escape fails.
The anaconda skeleton bites you but does no damage.
* * * LOW HITPOINT WARNING * * *
The anaconda skeleton constricts you. The anaconda skeleton bites you!
You die...
Your body glows slightly and disappears.

§## .# ≈≈≈≈≈# .# §≈≈§≈§≈##
.# {# ≈≈§§≈≈§≈≈≈≈## #Z##.#
≈≈≈≈≈§≈≈≈§≈≈≈≈### ..... #
§§≈≈≈≈≈≈≈≈§≈....##{{... ...
§§≈≈≈≈§§§≈≈....≈.###.#..#.#
§§§§§§§§≈§§§≈§3R@ZZZ......#
≈§§≈§≈≈§§≈≈§...≈.###.#..#.#
≈§≈≈≈§≈.≈..§.§..##{ ... ...
≈≈≈§≈.......##### ..... #
≈§.....§..### #.∩.##
.........## ...# .......###
#### .#...### ..####


You could see 3 anaconda skeletons, a friendly rakshasa and a friendly sixfirhy.

Vanquished Creatures
  Erica (D:8)
  4 spiny frogs
  Psyche (D:8)
  A rime drake (Lair:2)
  2 komodo dragons (Lair:1)
  3 blink frogs (Lair:1)
  2 hornets (D:9)
  5 hippogriffs
  A flying skull (Volcano)
  A wyvern (Lair:3)
  A basilisk (Lair:2)
  10 yaks (D:9)
  4 water moccasins
  2 soldier ants (D:9)
  Duvessa (D:5)
  6 porcupines
  2 ice beasts
  An orc warrior (D:8)
  2 sky beasts
  A phantom (D:8)
  6 ogres
  A tengu (D:6)
  6 wolves (Lair:1)
  7 crocodiles
  2 bullfrogs
  A gnoll sergeant (D:9)
  Dowan (D:5)
  4 scorpions
  3 wights (D:8)
  4 howler monkeys
  A centaur zombie (D:4)
  A jelly (D:6)
  A bullfrog zombie (D:5)
  A crimson imp (D:6)
  2 hounds
  4 orc priests
  A quasit (D:7)
  Jessica (D:2)
  An iguana (D:9)
  3 orc wizards
  7 worker ants
  A hound zombie (D:9)
  2 worker ant zombies (D:9)
  2 howler monkey skeletons
  4 gnolls (D:9)
  4 river rats (D:9)
  15 adders
  2 shadow imps
  An adder skeleton (D:4)
  A worm (D:2)
  A dart slug (D:6)
  5 leopard geckos
  19 orcs
  2 giant cockroaches (D:1)
  7 goblins
  9 hobgoblins
  14 jackals
  26 kobolds
  3 quokkas
  2 ball pythons
  5 bats
  5 frilled lizards
  9 rats
  2 plants
250 creatures vanquished.

Vanquished Creatures (collateral kills)
  2 hydras (Lair:1)
  The ghost of TheForgottenOwl the Carver, a novice MiFi of Okawaru (D:7)
  A blink frog (Lair:1)
  Grinder (D:5)
  Prince Ribbit (D:5)
  2 water moccasins
  A sky beast (D:5)
  An ogre (D:3)
  2 crocodiles (Lair:1)
  A scorpion (D:4)
  A hound (D:5)
  An orc priest (D:5)
  2 iguanas
  Crazy Yiuf (D:5)
  An adder skeleton (D:4)
  A worm (D:4)
  6 orcs
  4 goblins (D:3)
  3 jackals (D:6)
  A quokka (D:5)
  A leopard gecko zombie (D:5)
35 creatures vanquished.

Vanquished Creatures (others)
  A quasit (D:6)
  A worker ant (D:6)
  5 bushes (D:9)
  A fungus (D:9)
  5 plants
  2 spectral weapons (D:9)
15 creatures vanquished.

Grand Total: 300 creatures vanquished

Notes
Turn   | Place    | Note
-------+----------+-------------------------------------------
     0 | D:1      | Menchi the Formicid Skald began the quest for the Orb.
     0 | D:1      | Reached XP level 1. HP: 16/16 MP: 3/3
     6 | D:1      | Reached skill level 1 in Dodging
    43 | D:1      | Reached XP level 2. HP: 22/22 MP: 5/5
   434 | D:1      | Reached XP level 3. HP: 27/27 MP: 6/6
   814 | D:1      | Learned a level 3 spell: Spectral Weapon
  1029 | D:2      | Found an opulent altar of Gozag.
  1054 | D:2      | Reached skill level 3 in Long Blades
  1253 | D:2      | Reached XP level 4. HP: 26/33 MP: 7/7
  1292 | D:2      | Noticed Jessica
  1305 | D:2      | Killed Jessica
  1503 | D:2      | Reached XP level 5. HP: 30/39 MP: 8/8
  1508 | D:2      | Found a sparkling altar of Nemelex Xobeh.
  1528 | D:2      | Became a worshipper of Nemelex Xobeh the Trickster
  1733 | D:2      | Received a gift from Nemelex Xobeh
  2093 | D:3      | Noticed an ogre
  2096 | D:3      | Killed an ogre
  2096 | D:3      | Reached XP level 6. HP: 46/46 MP: 9/9
  2132 | D:3      | Reached skill level 4 in Long Blades
  2442 | D:3      | Received a gift from Nemelex Xobeh
  2507 | D:3      | Reached * piety under Nemelex Xobeh
  2837 | D:4      | Reached skill level 1 in Shields
  3072 | D:4      | Noticed an ogre
  3073 | D:4      | Killed an ogre
  3073 | D:4      | Reached XP level 7. HP: 39/52 MP: 10/10
  3215 | D:4      | Reached skill level 5 in Long Blades
  3281 | D:4      | Found a deep blue altar of Sif Muna.
  3365 | D:4      | Reached skill level 1 in Invocations
  3560 | D:4      | Found a hazy altar of Hepliaklqana.
  3653 | D:4      | Received a gift from Nemelex Xobeh
  3717 | D:5      | Entered Level 5 of the Dungeon
  3729 | D:5      | Reached XP level 8. HP: 58/58 MP: 12/12
  3759 | D:5      | Noticed Prince Ribbit
  3762 | D:5      | Killed Prince Ribbit
  3827 | D:5      | Noticed a red devil
  3863 | D:5      | Gained mutation: You have large cloven feet. [mutagenic meat]
  3864 | D:5      | Gained mutation: You have sharp fingernails. [mutagenic meat]
  3865 | D:5      | Gained mutation: Your spells are a little harder to cast, but a little more powerful. [mutagenic meat]
  3866 | D:5      | Gained mutation: You evolve. [mutagenic meat]
  3867 | D:5      | Gained mutation: You are dopey. (Int -2) [mutagenic meat]
  4385 | D:5      | Found a basalt altar of Yredelemnul.
  4392 | D:5      | Noticed Grinder
  4413 | D:5      | Killed Grinder
  4413 | D:5      | Reached skill level 6 in Long Blades
  4592 | D:5      | Reached ** piety under Nemelex Xobeh
  4718 | D:5      | Found a runed door.
  4923 | D:5      | Noticed Duvessa
  4925 | D:5      | Noticed Dowan
  4926 | D:5      | Killed Duvessa
  4926 | D:5      | Reached skill level 1 in Evocations
  4927 | D:5      | Killed Dowan
  4980 | D:5      | Lost mutation: You are dopey. (Int -2) [evolution]
  5359 | D:5      | Noticed Crazy Yiuf
  5394 | D:5      | Killed Crazy Yiuf
  5665 | D:6      | Received a gift from Nemelex Xobeh
  5667 | D:6      | Reached skill level 5 in Armour
  5667 | D:6      | Reached XP level 9. HP: 65/65 MP: 13/13
  5785 | D:6      | Reached skill level 7 in Long Blades
  5937 | D:6      | Found a hazy altar of Hepliaklqana.
  6357 | D:6      | Received a gift from Nemelex Xobeh
  6553 | D:6      | Found a white marble altar of Elyvilon.
  6769 | D:6      | Reached *** piety under Nemelex Xobeh
  6946 | D:6      | Reached skill level 8 in Long Blades
  7360 | D:7      | Found a staircase to the Ecumenical Temple.
  7364 | D:7      | Noticed TheForgottenOwl's ghost (novice MiFi)
  7368 | D:7      | Killed TheForgottenOwl's ghost
  7368 | D:7      | Reached skill level 5 in Fighting
  7403 | D:7      | Received a gift from Nemelex Xobeh
  7528 | D:7      | Found Ufevasao's Antique Weapon Shop.
  7637 | D:7      | Got an ancient dagger
  7638 | D:7      | Identified the +7 dagger of the Reaper {freeze, rC+} (You found it on level 7 of the Dungeon)
  7646 | D:7      | Noticed a hippogriff
  7652 | D:7      | Killed a hippogriff
  7652 | D:7      | Reached skill level 5 in Shields
  8218 | D:8      | Noticed a hippogriff
  8227 | D:8      | Killed a hippogriff
  8227 | D:8      | Reached XP level 10. HP: 60/74 MP: 12/15
  8258 | D:8      | Found a faded altar of an unknown god.
  8258 | D:8      | Found a glowing silver altar of Zin.
  8263 | D:8      | Found a faded altar of an unknown god.
  8265 | D:8      | Found a faded altar of an unknown god.
  8269 | D:8      | Found a faded altar of an unknown god.
  8368 | D:8      | Noticed Psyche
  8381 | D:8      | Killed Psyche
  8381 | D:8      | Reached skill level 9 in Long Blades
  8416 | D:8      | Got a sparkling crystal amulet
  8657 | D:8      | Reached skill level 1 in Short Blades
  8666 | D:8      | Identified the amulet "Laitwo" {Inacc *Slow rElec rF+ rN++} (You found it on level 8 of the Dungeon)
  9018 | D:8      | Noticed Erica
  9028 | D:8      | Killed Erica
  9831 | D:9      | Reached XP level 11. HP: 49/81 MP: 11/17
  9890 | D:9      | Received a gift from Nemelex Xobeh
  9941 | D:9      | Found a stormy altar of Qazlal.
  9941 | D:9      | Found a sparkling altar of Nemelex Xobeh.
 10000 | D:9      | Reached skill level 10 in Long Blades
 10597 | D:9      | Found a staircase to the Lair.
 11098 | Lair:1   | Entered Level 1 of the Lair of Beasts
 11099 | Lair:1   | Reached **** piety under Nemelex Xobeh
 11099 | Lair:1   | Received a gift from Nemelex Xobeh
 11108 | Lair:1   | Noticed an eight-headed hydra
 11120 | Lair:1   | Killed an eight-headed hydra
 11769 | Lair:1   | Noticed a four-headed hydra
 11778 | Lair:1   | Killed a four-headed hydra
 12071 | Lair:1   | Reached skill level 11 in Long Blades
 12213 | Lair:1   | Reached XP level 12. HP: 75/89 MP: 18/18
 12403 | Lair:1   | Received a gift from Nemelex Xobeh
 12605 | Lair:1   | Gained mutation: Your flesh is heat resistant. (rF+) [evolution]
 13223 | Lair:2   | Received a gift from Nemelex Xobeh
 13789 | Lair:3   | Found a dark tunnel.
 13902 | Volcano  | Entered a volcano
 13902 | Volcano  | Received a gift from Nemelex Xobeh
 13918 | Volcano  | Reached skill level 12 in Long Blades
 13977 | Volcano  | Slain by an anaconda skeleton

Skill      XL: |  1  2  3  4  5  6  7  8  9 10 11 12 |
---------------+-------------------------------------+-----
Dodging        | 1 2 3 4 |  4.8
Long Blades    | 3 4 5 6 8 9 11 12 | 12.0
Armour         | 2 3 4 5 6 8 |  8.4
Shields        | 1 2 4 5 6 7 8 |  8.3
Fighting       | 3 4 5 6 |  6.9
Invocations    | 1 2 3 |  3.3
Evocations     | 1 |  1.5
Spellcasting   | 3 4 |  4.1
Short Blades   | 2 4 |  4.8
Hexes          | |  0.5
Charms         | |  3.0

Action                   |  1- 3 |  4- 6 |  7- 9 | 10-12 || total
-------------------------+-------+-------+-------+-------++-------
Melee: Falchion          |   187 |   125 |   298 |       ||   610
       Kick              |       |       |   107 |   113 ||   220
       Dagger            |       |       |    25 |   231 ||   256
       Great sword       |       |       |       |   193 ||   193
 Cast: Infusion          |     3 |     8 |    12 |     8 ||    31
       Spectral Weapon   |     1 |     1 |     1 |     4 ||     7
 Abil: Dig               |       |       |     1 |     1 ||     2
Evoke: Deck              |       |     9 |    24 |    14 ||    47
       Wand              |       |     2 |    13 |     9 ||    24
  Use: Scroll            |       |     9 |     1 |    17 ||    27
       Potion            |       |       |       |     1 ||     1
  Eat: Chunk             |     1 |     7 |    21 |    15 ||    44
       Fruit             |       |       |     1 |     4 ||     5
       Pizza             |       |       |       |     1 ||     1
Armor: Leather armour    |    39 |    26 |    42 |    68 ||   175
Dodge: Dodged            |    76 |    70 |   177 |   202 ||   525
Block: Buckler           |       |    12 |    73 |    82 ||   167
       Rpst.: Falchion   |    20 |    23 |    53 |       ||    96
       Great sword       |       |       |       |    43 ||    43
